 Dungeon Crawl Stone Soup version 0.25-a0-258-g6d7e32a812 (webtiles) character file.

Game seed: 3906448263453769843, levelgen mode: deterministic

82 Goblin1989 the Firebug (level 4, -3/24 HPs)
             Began as a Deep Elf Fire Elementalist on Dec 6, 2019.
             Killed by divine providence
             ... invoked by an orc priest
              (12 damage)
             ... on level 3 of the Dungeon.
             The game lasted 00:05:37 (2314 turns).

Goblin1989 the Firebug (Deep Elf Fire Elementalist) Turns: 2314, Time: 00:05:37

Health: -3/24      AC:  3    Str:  5    XL:     4   Next: 21%
Magic:  4/11       EV: 12    Int: 21    God:
Gold:   143        SH:  3    Dex: 15    Spells: 3/10 levels left

rFire    . . .     SeeInvis .   (no weapon)
rCold    . . .     Gourm    .   v - +0 buckler
rNeg     . . .     Faith    .   a - +0 robe
rPois    .         Spirit   .   (no helmet)
rElec    .         Reflect  .   (no cloak)
rCorr    .         Harm     .   (no gloves)
MR       .....                  w - +0 pair of boots
Stlth    ++........             (no amulet)
HPRegen  0.08/turn              (no ring)
MPRegen  0.12/turn              (no ring)

@: no status effects
A: no striking features
a: no special abilities


You were on level 3 of the Dungeon.
You were not hungry.

You visited 1 branch of the dungeon, and saw 3 of its levels.

You collected 143 gold pieces.

Inventory:

Missiles
 t - 13 poisoned darts (quivered)
Armour
 a - a +0 robe (worn)
 v - a +0 buckler (worn)
 w - a +0 pair of boots (worn)
Jewellery
 x - an uncursed amulet of rage
Scrolls
 f - 3 scrolls of remove curse {unknown}
 i - a scroll of identify {unknown}
 j - a scroll of teleportation {unknown}
 n - a scroll of enchant armour {unknown}
 q - a scroll of blinking {unknown}
Potions
 h - 2 potions of lignification {unknown}
 k - 2 potions of curing {unknown}
 m - a potion of might {unknown}
 p - 2 potions of heal wounds {unknown}
 r - a potion of mutation {unknown}
 s - a potion of ambrosia {unknown}
Comestibles
 e - 6 rations
 u - 2 chunks of flesh


   Skills:
 - Level 2.4 Dodging
 - Level 2.4 Stealth
 + Level 3.8 Spellcasting
 * Level 2.9 Conjurations
 * Level 4.3 Fire Magic


You had 3 spell levels left.
You knew the following spells:

 Your Spells              Type           Power        Failure   Level  Hunger
a - Foxfire               Conj/Fire      ###.         4%          1    None
b - Inner Flame           Hex/Fire       ##......     26%         3    ###....
j - Conjure Flame         Conj/Fire      ###.....     14%         3    ###....

Your spell library contained the following spells:

 Spells                   Type           Power        Failure   Level  Hunger
 Sticky Flame             Conj/Fire      ###.....     41%         4    ####...
 Fireball                 Conj/Fire      ###.......   77%         5    ######.


Dungeon Overview and Level Annotations

Branches:
Dungeon (3/15)

Altars:
Qazlal
Uskayaw


Message History

Things that are here:
a +0 dagger; a leopard gecko skeleton; MP restored: 11 You now have 143 gold pieces (gained 8).
e - 6 rations (gained 1)
An orc and an orc priest come into view.
The orc priest is wielding a +0 hand axe of venom.
The orc shouts!
There are monsters nearby!
There are monsters nearby!
Unknown command.
A rat comes into view.
Found a stone staircase leading down.
There is a stone staircase leading up here.
You climb upwards.
There is a stone staircase leading down here.
Some of the chunks of flesh in your inventory have rotted away.
You enter the shallow water.
Moving in this stuff is going to be slow.
There is a stone staircase leading down here.
You climb downwards.
An adder and a rat come into view.
The adder barely misses you. The adder bites you.
Found a stone staircase leading down.
There is a stone staircase leading up, spattered with blood here.
You take 3 damage, and have 21/24 hp.
Unknown command.
Casting: Foxfire (safe; 4% risk of failure)
Confirm with . or Enter, or press ? or * to list all spells.
You conjure some foxfire!
The adder barely misses you.
You now have 10/11 mp.
Unknown command.
Casting: Foxfire (safe; 4% risk of failure)
Confirm with . or Enter, or press ? or * to list all spells.
You conjure some foxfire!
The foxfire hits the adder.
The adder is moderately wounded.
The foxfire hits the adder.
The adder is severely wounded.
You block the adder's attack. The adder bites you.
You take 4 damage, and have 17/24 hp.
You now have 9/11 mp.
Casting: Foxfire (safe; 4% risk of failure)
Confirm with . or Enter, or press ? or * to list all spells.
You conjure some foxfire!
The foxfire hits the adder.
The adder is severely wounded.
The adder misses you.
You now have 8/11 mp.
Unknown command.
Casting: Foxfire (safe; 4% risk of failure)
Confirm with . or Enter, or press ? or * to list all spells.
You conjure some foxfire!
The foxfire hits the adder.
You kill the adder!
The foxfire hits the rat.
The rat is moderately wounded.
The foxfire hits the rat.
You kill the rat!
You now have 7/11 mp.
Unknown command.
Unknown command.
The orc is too close now for your liking.
An orc is nearby!
Casting: Foxfire (safe; 4% risk of failure)
Confirm with . or Enter, or press ? or * to list all spells.
You conjure some foxfire!
You now have 7/11 mp.
Unknown command.
Casting: Foxfire (safe; 4% risk of failure)
Confirm with . or Enter, or press ? or * to list all spells.
You conjure some foxfire!
The foxfire hits the orc.
The orc is severely wounded.
You now have 6/11 mp.
Unknown command.
Casting: Foxfire (safe; 4% risk of failure)
Confirm with . or Enter, or press ? or * to list all spells.
You conjure some foxfire!
The foxfire hits the orc.
You kill the orc!
You now have 5/11 mp.
Unknown command.
Do you really want to walk into your foxfire? [Y]es or [N]o only, please.
Do you really want to walk into your foxfire?
Your foxfire dissipates!
Your foxfire dissipates!
The foxfire hits the orc!
You kill the orc!
The orc priest shouts!
You see here a rat corpse.
Casting: Foxfire (safe; 4% risk of failure)
Confirm with . or Enter, or press ? or * to list all spells.
You conjure some foxfire!
The orc priest calls down the wrath of Beogh upon you.
Beogh smites you!
* * * LOW HITPOINT WARNING * * *
An orc comes into view. It is wielding a -2 hand axe.
You take 9 damage, and have 9/24 hp.
MASSIVE DAMAGE!!
Casting: Foxfire (safe; 4% risk of failure)
Confirm with . or Enter, or press ? or * to list all spells.
You conjure some foxfire!
The orc priest mumbles some strange prayers to Beogh against you.
Beogh smites you!
Ouch! That really hurt!
You die... ███████████ █.....>...█ █.........█ █████

█.......(.█ .....██
█<........█
.....!████████..§§?....█
.......██......§@§.....█
....?..██o████.§vv§....█
......<.█.████v.§§.....█
...............§........
.......██..██.v........█
.......o....█o██████████
......██.█....███████
.....███.o...........
████........)..█████


You could see an orc priest and an orc.

Vanquished Creatures
  3 adders
  3 worms (D:2)
  A dart slug (D:2)
  5 leopard geckos
  2 orcs (D:3)
  3 ball pythons
  2 giant cockroaches
  A goblin (D:1)
  5 hobgoblins
  5 kobolds
  A bat (D:2)
  3 frilled lizards (D:1)
  5 rats
39 creatures vanquished.

Vanquished Creatures (others)
  128 foxfires
128 creatures vanquished.

Grand Total: 167 creatures vanquished

Notes
Turn   | Place    | Note
-------+----------+-------------------------------------------
     0 | D:1      | Goblin1989 the Deep Elf Fire Elementalist began the quest
                  | for the Orb.
     0 | D:1      | Reached XP level 1. HP: 10/10 MP: 6/6
   486 | D:1      | Reached XP level 2. HP: 15/15 MP: 5/8
  1079 | D:2      | Reached XP level 3. HP: 19/19 MP: 6/9
  1230 | D:2      | Learned a level 3 spell: Conjure Flame
  1278 | D:2      | Noticed a +0 dagger
  1279 | D:2      | Noticed a +0 hand axe
  1286 | D:2      | Found a hide-covered altar of Uskayaw.
  1459 | D:2      | Reached skill level 4 in Fire Magic
  1780 | D:2      | Found a stormy altar of Qazlal.
  2170 | D:3      | Learned a level 3 spell: Inner Flame
  2172 | D:3      | Reached XP level 4. HP: 23/24 MP: 1/11
  2314 | D:3      | Killed from afar by an orc priest

Levels and vault maps discovered:
D:1:      eino_arrival_tree_alley, layout_basic
D:2:      layout_loops_corners, nicolae_qazlal_eye_of_the_storm,
          dancing_weapons_uskayaw, chequers_mini_garden, chequers_garden,
          wad_floor_pattern_untrapped, chequers_serial_rivers_small_3,
          grunt_ministairs_8
D:3:      layout_rooms, kennysheep_slug_shrine, serial_curves, eino_curves_02,
          eino_curves_04, uniq_crazy_yiuf_cottage

Skill      XL: |  1  2  3 |
---------------+----------+-----
Conjurations   | 2 |  2.9
Fire Magic     | 4 |  4.3
Dodging        | |  2.4
Stealth        | |  2.4
Spellcasting   | |  3.8

Action                   |  1- 3 |  4- 6 || total
-------------------------+-------+-------++-------
Melee: Unarmed           |     1 |       ||     1
 Cast: Foxfire           |    71 |     9 ||    80
       Conjure Flame     |     1 |       ||     1
  Eat: Chunk             |     4 |       ||     4
Armor: Robe              |     2 |       ||     2
Dodge: Dodged            |     6 |     3 ||     9
Block: Buckler           |       |     1 ||     1

Table legend:
 A = Non-vault XP
 B = Vault XP
 C = Vault XP percentage of total XP
 D = Non-vault monster count
 E = Vault monster count
 F = Vault count percentage of total count
                 A         B        C        D         E       F
            +---------+---------+-------+---------+---------+-------
      Total |     105 |      13 |  11.0 |      38 |       1 |   2.6
            +---------+---------+-------+---------+---------+-------
        D:1 |      27 |       0 |   0.0 |      17 |       0 |   0.0
        D:2 |      46 |      13 |  22.0 |      12 |       1 |   7.7
        D:3 |      32 |       0 |   0.0 |       9 |       0 |   0.0
            +---------+---------+-------+---------+---------+-------

Levels and vault maps discovered:
D:1:      eino_arrival_tree_alley, layout_basic
D:2:      layout_loops_corners, nicolae_qazlal_eye_of_the_storm,
          dancing_weapons_uskayaw, chequers_mini_garden, chequers_garden,
          wad_floor_pattern_untrapped, chequers_serial_rivers_small_3,
          grunt_ministairs_8
D:3:      layout_rooms, kennysheep_slug_shrine, serial_curves, eino_curves_02,
          eino_curves_04, uniq_crazy_yiuf_cottage
